Map: Bel'Shir Vestige LE (Void)

Players

Railgan

  • Race: Zerg Zerg
  • League: Grandmaster
  • Spawn Location: 5:00

DJHelium - Winner!

  • Race: Terran Terran
  • League: Master
  • Spawn Location: 11:00

VOD

Have the link to the VOD?

Description

Time

  • Played on: March 23, 2017, 4:47 p.m.
  • Length: 13:06
Show
View Real Time Build Order
Export as new Build Order

Railgan Zerg 

Build Orders: Pool First, Swarm Host 

Get SALT Encoding   

  12  0:01  Drone  
  13  0:12  Overlord  
  13  0:19  Drone  
  14  0:31  Drone x2  
  14  0:34  Drone  
  17  0:46  Drone  
  17  0:49  Spawning Pool  
  17  1:08  Hatchery  
  17  1:10  Drone  
  17  1:15  Drone  
  18  1:22  Extractor  
  17  1:28  Drone  
  17  1:30  Drone  
  19  1:36  Queen  
  19  1:38  Zergling x2  
  22  1:49  Overlord  
  22  2:07  Drone  
  23  2:11  Drone, Queen  
  26  2:23  Overlord  
  26  2:24  Drone  
  26  2:25  Queen  
  29  2:32  Drone x2  
  29  2:33  Metabolic Boost  
  31  2:42  Overlord  
  31  2:43  Drone  
  33  2:44  Drone x2  
  34  2:52  Drone x2  
  36  3:00  Drone  
  37  3:07  Drone x2  
  38  3:14  Evolution Chamber  
  38  3:16  Zergling x4  
  39  3:24  Overlord  
  39  3:25  Drone  
  39  3:26  Drone x2  
  42  3:28  Drone  
  42  3:33  Extractor, Drone  
  42  3:34  Drone x2  
  45  3:35  Extractor  
  45  3:39  Zerg Ground Armor Level 1  
  44  3:43  Drone  
  44  3:44  Drone  
  46  3:56  Drone x3  
  46  3:57  Drone x2  
  46  3:59  Queen  
  46  4:01  Lair  
  46  4:02  Zergling x4  
  53  4:05  Drone  
  53  4:06  Drone  
  53  4:08  Extractor, Overlord  
  54  4:16  Evolution Chamber  
  53  4:17  Baneling Nest  
  53  4:18  Zergling x4  
  54  4:30  Drone x2  
  56  4:34  Drone x2  
  56  4:35  Zergling x4  
  60  4:39  Queen  
  62  4:46  Zergling x4  
  62  4:47  Overlord  
  64  4:55  Spore Crawler  
  63  5:01  Overseer  
  63  5:06  Spore Crawler  
  59  5:08  Drone x3  
  59  5:09  Drone  
  58  5:18  Drone  
  58  5:19  Drone x4  
  60  5:32  Drone x4  
  60  5:34  Overlord  
  64  5:36  Hydralisk Den  
  64  5:37  Zerg Ground Armor Level 2  
  64  5:38  Zerg Missile Weapons Level 1  
  63  5:43  Zergling x4  
  63  5:48  Overlord  
  65  5:59  Drone  
  65  6:00  Drone  
  65  6:02  Zergling x4  
  65  6:03  Baneling, Hatchery  
  65  6:04  Baneling x3  
  68  6:07  Zergling x4  
  68  6:09  Pneumatized Carapace, Muscular Augments  
  70  6:14  Overlord  
  70  6:17  Overseer  
  70  6:21  Hydralisk x3  
  70  6:24  Centrifical Hooks  
  76  6:35  Drone x5  
  81  6:41  Overlord  
  81  6:43  Hydralisk x2  
  85  6:48  Drone, Overlord  
  85  6:52  Drone  
  87  7:07  Hydralisk, Drone  
  87  7:08  Hydralisk x5  
  100  7:16  Queen  
  100  7:17  Drone x2  
  100  7:19  Spore Crawler  
  100  7:20  Extractor  
  100  7:22  Drone  
  100  7:31  Hydralisk x2  
  100  7:32  Hydralisk  
  100  7:35  Overlord  
  100  7:36  Extractor  
  105  7:37  Zerg Missile Weapons Level 2  
  105  7:40  Baneling x7  
  105  7:42  Overseer  
  106  7:44  Zergling x2  
  106  7:46  Baneling, Overlord  
  106  7:50  Overlord  
  103  8:04  Drone x8  
  107  8:08  Drone x5  
  107  8:09  Drone  
  107  8:12  Overlord  
  113  8:16  Drone  
  114  8:23  Lurker Den  
  114  8:27  Zerg Melee Weapons Level 1  
  114  8:31  Hatchery  
  113  8:35  Zergling x2  
  113  8:38  Infestation Pit  
  113  8:40  Zergling x10  
  112  8:52  Zergling x4  
  112  8:53  Overlord  
  112  8:54  Overseer  
  112  8:55  Overseer  
  111  8:58  Drone  
  112  9:12  Overlord  
  112  9:21  Swarm Host x5  
  112  9:23  Hatchery, Overlord  
  126  9:26  Overlord, Swarm Host  
  126  9:28  Overlord  
  126  9:31  Spine Crawler  
  128  9:33  Overlord  
  128  9:35  Swarm Host x2  
  134  9:40  Hive  
  134  9:59  Hydralisk  
  136  10:02  Swarm Host x8  
  136  10:05  Zergling x2  
  161  10:09  Zergling x8  
  161  10:11  Overlord  
  165  10:22  Zergling x2  
  166  10:33  Overlord, Zergling x2  
  166  10:35  Overlord x2  
  167  10:36  Overseer x2  
  167  10:52  Zergling x2  
  167  10:53  Baneling x2  
  167  10:54  Baneling x6  
  164  11:06  Zergling x16  
  164  11:09  Drone  
  173  11:14  Zergling x2  
  166  11:25  Zergling x2  
  166  11:26  Zergling x18  
  166  11:28  Baneling x2  
  166  11:31  Hydralisk x4  
  166  11:32  Hydralisk x5  
  165  11:42  Hydralisk  
  165  11:43  Hydralisk x3  
  155  11:48  Baneling x4  
  155  11:49  Baneling x8, Hydralisk  
  155  11:50  Overseer  
  155  11:51  Hydralisk  
  155  11:52  Hydralisk x2  
  151  12:03  Hydralisk  
  151  12:04  Hydralisk x5  
  135  12:16  Hydralisk  
  135  12:17  Hydralisk x4  
  135  12:20  Hydralisk  
  137  12:25  Hydralisk  
  137  12:26  Hydralisk x4  
  137  12:27  Zergling x8  
  137  12:28  Zergling x2  
  152  12:34  Hydralisk  
  152  12:35  Zergling x6  
Show
View Real Time Build Order
Export as new Build Order

DJHelium Terran - Winner!

Build Orders: Hellion Banshee, Mech 

Get SALT Encoding   

  12  0:00  SCV  
  13  0:12  SCV  
  14  0:17  Supply Depot  
  14  0:25  SCV  
  15  0:30  Refinery  
  15  0:39  SCV  
  16  0:44  Barracks  
  16  0:51  SCV  
  17  1:03  SCV  
  18  1:15  SCV  
  19  1:27  SCV  
  19  1:31  Reaper  
  21  1:40  Orbital Command  
  21  1:47  Command Center  
  21  2:00  Factory  
  21  2:03  Marine  
  21  2:07  SCV  
  23  2:13  Supply Depot  
  23  2:21  Refinery  
  23  2:26  Barracks Tech Lab  
  23  2:35  SCV  
  24  2:47  Starport, SCV  
  24  2:49  Hellion  
  27  2:55  Barracks Reactor  
  27  2:59  SCV  
  27  3:02  Orbital Command  
  27  3:11  SCV  
  28  3:14  Hellion  
  30  3:20  Supply Depot  
  33  3:27  SCV  
  33  3:28  SCV  
  33  3:30  Cloaking Field  
  32  3:38  Banshee  
  35  3:42  SCV x2  
  35  3:47  Supply Depot  
  37  3:55  SCV x2  
  39  4:01  Hellion  
  39  4:02  Hellion  
  43  4:07  SCV x2  
  45  4:11  Command Center  
  45  4:15  Supply Depot  
  45  4:19  SCV x2  
  47  4:25  Hellion x2  
  47  4:26  Viking  
  53  4:36  SCV x2  
  55  4:44  Supply Depot  
  55  4:48  SCV x2  
  55  4:50  Hellion x2  
  55  4:52  Armory  
  61  5:01  SCV  
  61  5:02  SCV  
  62  5:12  Banshee  
  62  5:13  Hellion x2  
  68  5:16  SCV x2  
  67  5:28  SCV x2  
  73  5:40  SCV  
  73  5:41  SCV  
  71  5:43  Refinery  
  71  5:44  Refinery  
  71  5:46  Barracks Tech Lab  
  71  5:47  Terran Vehicle Weapons Level 1, Factory x2  
  71  5:50  Engineering Bay  
  71  5:53  Supply Depot  
  71  5:54  Supply Depot  
  71  5:58  Supply Depot  
  71  6:13  SCV x2  
  73  6:19  Missile Turret  
  73  6:24  Missile Turret  
  73  6:26  Thor  
  73  6:27  Missile Turret, Viking x2  
  73  6:28  Missile Turret  
  83  6:34  Factory Tech Lab  
  83  6:38  SCV x2  
  85  6:42  Orbital Command  
  85  6:50  Thor  
  91  7:12  Banshee  
  91  7:13  Siege Tank  
  91  7:14  Hellion x2  
  101  7:21  Orbital Command  
  101  7:22  Armory  
  101  7:23  Supply Depot  
  101  7:24  SCV x2  
  103  7:36  SCV  
  103  7:37  SCV  
  105  7:39  Supply Depot x2  
  105  7:41  Siege Tank  
  105  7:42  Hellion x2  
  112  7:45  Siege Tank  
  112  7:48  Refinery  
  112  7:49  Refinery  
  112  7:50  Missile Turret  
  112  7:51  Missile Turret, SCV x3  
  114  8:06  Hellion x2  
  114  8:13  Siege Tank  
  114  8:15  Factory  
  114  8:16  SCV x3  
  114  8:17  Siege Tank  
  123  8:26  Barracks Reactor  
  123  8:27  Factory, Starport Reactor  
  123  8:28  Hellion x2  
  123  8:29  Command Center  
  123  8:31  SCV x3  
  130  8:43  SCV x3  
  125  8:52  Siege Tank  
  125  8:53  Siege Tank, Hellion x2  
  131  9:01  SCV x3  
  131  9:02  Sensor Tower  
  134  9:05  Terran Vehicle Weapons Level 2  
  134  9:06  Terran Vehicle And Ship Armor Level 1, Supply Depot x2  
  134  9:07  Supply Depot  
  134  9:22  Hellion  
  134  9:23  Hellion x2  
  140  9:28  Siege Tank x2, Hellion x2  
  140  9:29  Supply Depot  
  140  9:30  Supply Depot  
  150  9:35  Missile Turret  
  150  9:36  Missile Turret x2  
  150  9:38  Missile Turret  
  150  9:43  Orbital Command  
  150  9:44  Missile Turret, Hellion  
  150  9:45  Missile Turret  
  152  9:49  Hellion  
  152  9:50  Siege Tank  
  157  10:00  Viking x2  
  157  10:01  Hellion x2  
  165  10:11  Siege Tank x2  
  171  10:22  Siege Tank  
  171  10:23  Missile Turret x2  
  171  10:24  Missile Turret  
  171  10:27  Missile Turret  
  174  10:35  Missile Turret  
  174  10:37  Missile Turret  
  174  10:39  Command Center  
  174  10:43  Siege Tank  
  174  10:44  Siege Tank, Hellion x3  
  182  10:53  Viking x2  
  182  11:07  Missile Turret  
  182  11:17  Infernal Pre-Igniter  
  178  11:19  Siege Tank x3, Hellion x4  
  146  11:48  Viking x2  
  146  11:50  Hellion x3  
  146  11:51  Siege Tank  
  154  12:04  Orbital Command  
  126  12:20  Siege Tank  
  126  12:21  Hellion x2  
  126  12:22  Hellion  
  124  12:39  Hellion  
Tags
 
Add a new tag
Caveats
  • Supply blocks, unpowered buildings, or Contaminate may cause inaccurate times.
  • Supply counts are checked every 10 seconds.